 Dungeon Crawl Stone Soup version 0.28.0 (webtiles) character file.

Game seed: 15032461561423538811

93 mkm the Skirmisher (level 4, 0/41 HPs)
             Began as a Minotaur Berserker on Feb 10, 2022.
             Was a Believer of Trog.
             Killed by nerve-wracking pain
             ... invoked by Grinder
              (7 damage)
             ... on level 3 of the Dungeon.
             The game lasted 00:06:30 (2416 turns).

mkm the Skirmisher (Minotaur Berserker)             Turns: 2416, Time: 00:06:31

Health: 0/41       AC:  6    Str: 21    XL:     4   Next: 36%
Magic:  3/3        EV: 11    Int:  4    God:    Trog [**....]
Gold:   132        SH:  0    Dex: 12    Spells: 3/3 levels left

rFire   . . .      SeeInvis .   e - +0 hand axe
rCold   . . .      Faith    .   (no shield)
rNeg    . . .      Spirit   .   h - +0 ring mail
rPois   .          Reflect  .   (helmet restricted)
rElec   .          Harm     .   g - +0 cloak
rCorr   .          Rampage  .   (no gloves)
Will    .....                   (no boots)
Stlth   +.........              (no amulet)
HPRegen 0.13/turn               (no ring)
MPRegen 0.08/turn               (no ring)

@: on berserk cooldown, flying, slowed, very slow
A: horns 2, retaliatory headbutt
a: Renounce Religion, Berserk, Trog's Hand


You were on level 3 of the Dungeon.
You worshipped Trog.
Trog was pleased with you.
You visited 1 branch of the dungeon, and saw 3 of its levels.

You collected 132 gold pieces.

Inventory:

Hand Weapons
 a - a +0 mace
 e - a +0 hand axe (weapon)
Armour
 g - a +0 cloak (worn)
 h - a +0 ring mail (worn)
Scrolls
 b - a scroll of silence {unknown}
 c - a scroll of fog
 f - a scroll of summoning {unknown}
 j - a scroll of magic mapping {unknown}
 k - a scroll of immolation {unknown}
 l - a scroll of vulnerability {unknown}
Potions
 d - a potion of flight
 i - a potion of degeneration {unknown}


   Skills:
 + Level 4.7 Fighting
 + Level 1.7(3.2) Axes
 + Level 4.2(4.4) Maces & Flails
 + Level 3.2 Armour
 + Level 2.7 Dodging


You had 3 spell levels left.
You didn't know any spells.
Your spell library was empty.

Dungeon Overview and Level Annotations

Branches:
Dungeon (3/15)

Altars:
Fedhas

Annotations:
D:3 Grinder


Innate Abilities, Weirdness & Mutations

You have a pair of horns on your head.
You reflexively headbutt those who attack you in melee.


Message History

Grinder is lightly wounded.
Grinder hits you but does no damage.
You hit Grinder. Your headbutt misses Grinder.
Grinder is moderately wounded.
Grinder blinks! x2
You closely miss Grinder. Your punch misses Grinder.
Grinder is moderately wounded.
Grinder hits you.
Grinder says, "Make like a tree!"
Grinder gestures at you. Pain shoots through your body!
Your skin crawls.
You feel strong-willed. Grinder barely misses you.
You barely miss Grinder.
Grinder is moderately wounded.
Grinder hits you.
You writhe in agony.
Grinder hits you.
You writhe in agony.
You hit Grinder.
Grinder is heavily wounded.
Grinder hits you.
You writhe in agony.
Grinder barely misses you.
You hit Grinder.
Grinder is heavily wounded.
You feel the effects of Trog's Hand fading.
Grinder completely misses you.
You hit Grinder but do no damage. You headbutt Grinder.
Grinder is heavily wounded.
Grinder hits you.
You writhe in agony.
Grinder closely misses you.
You hit Grinder. You headbutt Grinder.
Grinder is almost dead.
Your skin stops crawling.
You feel less strong-willed.
Grinder blinks!
Grinder gestures at you. Pain shoots through your body!
* * * LOW HITPOINT WARNING * * *
It was a potion of flight.
You feel very buoyant.
You fly up into the air.
Grinder gestures at you. Pain shoots through your body!
You die...

#.....
....####...####
#..... #...+
#...#### #.....
#...# #...#...
#..... +..#
#...#.#.
#.5...####..#
#.....#.
#...........+
#..#####
####....†5..#
#..#
#..##)#..#####..#
#..#@.#...#..#..#
#..#.§#.⌠.†..#..#
#..#..#...####..#
#..#####.....P..#
#.. +........#
#..####..# #..+
#..# #..# #..#
#..# #..#


You could see Grinder.

Vanquished Creatures
  5 adders
  A worm (D:2)
  4 orcs (D:3)
  2 ball pythons
  5 bats
  2 giant cockroaches
  3 goblins (D:1)
  4 hobgoblins
  A quokka (D:1)
  2 frilled lizards (D:1)
  8 kobolds
  4 rats
41 creatures vanquished.

Notes
Turn   | Place    | Note
-------+----------+-------------------------------------------
     0 | D:1      | mkm the Minotaur Berserker began the quest for the Orb.
     0 | D:1      | Reached XP level 1. HP: 19/19 MP: 0/0
   317 | D:1      | Reached XP level 2. HP: 21/27 MP: 1/1
  1210 | D:2      | Found a blossoming altar of Fedhas.
  1258 | D:2      | Found a faded altar of an unknown god.
  1266 | D:2      | Reached XP level 3. HP: 34/34 MP: 2/2
  1553 | D:2      | Reached skill level 1 in Axes
  2004 | D:2      | Reached ** piety under Trog
  2005 | D:2      | Reached XP level 4. HP: 38/41 MP: 3/3
  2384 | D:3      | Noticed Grinder
  2390 | D:3      | Paralysed by Grinder for 3 turns
  2416 | D:3      | Killed from afar by Grinder

Illustrated notes

Levels and vault maps discovered:
D:1:      minmay_arrival_split_and_join, layout_basic, minmay_domino_4
D:2:      minmay_kobold_bridge, layout_rooms, basic_altar,
          dreamdust_ecumenical_altar_statues, kennysheep_big_empty_room
D:3:      corexii_shack_village, layout_basic, uniq_grinder

Skill      XL: |  1  2  3 |
---------------+----------+-----
Fighting       | 4 |  4.7
Maces & Flails | 4 |  4.2
Axes           | 1 |  1.7
Armour         | 3 |  3.2
Dodging        | |  2.7

Action                   |  1- 3 |  4- 6 || total
-------------------------+-------+-------++-------
Melee: Mace              |    13 |       ||    13
       Hand axe          |    81 |    35 ||   116
       Headbutt          |    10 |     9 ||    19
       Punch             |       |     1 ||     1
Invok: Berserk           |       |     1 ||     1
       Trog's Hand       |       |     1 ||     1
  Use: Scroll            |       |     1 ||     1
       Potion            |       |     1 ||     1
Armor: Animal skin       |    12 |       ||    12
       Ring mail         |    19 |     9 ||    28
Dodge: Dodged            |    55 |    14 ||    69
